 Dungeon Crawl Stone Soup version 0.27-a0-1099-g7f87ac42b0 (webtiles) character file.

Game seed: 17279023945497228435

8874 Bapho the Grappler (level 11, -3/90 HPs)
             Began as a Troll Monk on Apr 28, 2021.
             Was a Believer of Ru.
             Slain by a warg (11 damage)
             ... on level 9 of the Dungeon.
             The game lasted 00:20:02 (9678 turns).

Bapho the Grappler (Troll Monk)                     Turns: 9678, Time: 00:20:03

Health: -3/90      AC:  7    Str: 23    XL:     11   Next: 15%
Magic:  10/10      EV: 10    Int:  7    God:    Ru [**....]
Gold:   717        SH:  5    Dex: 12    Spells: 10/10 levels left

rFire    + . .     SeeInvis .     - Unarmed
rCold    . . .     Faith    .   (no shield)
rNeg     . . .     Spirit   .   w - +0 steam dragon scales
rPois    +         Reflect  +   (helmet restricted)
rElec    .         Harm     .   (no cloak)
rCorr    .         Rampage  .   (gloves unavailable)
Will     .....                  (boots unavailable)
Stlth    ..........             h - amulet of reflection
HPRegen  1.25/turn              n - ring of poison resistance
MPRegen  0.12/turn              r - ring of protection from fire

@: no status effects
A: large, unfitting armour, claws 3, frail 1, regeneration 1, shaggy fur 1,
tough skin 1, no stealth
a: Renounce Religion


You were on level 9 of the Dungeon.
You worshipped Ru.
Ru was pleased with you.
You visited 2 branches of the dungeon, and saw 10 of its levels.

You collected 717 gold pieces.

Inventory:

Missiles
 d - 248 stones (quivered)
 f - 5 javelins
 i - a throwing net
Armour
 a - a +0 robe
 l - a +0 kite shield
 w - +0 steam dragon scales (worn)
Jewellery
 h - an amulet of reflection (around neck)
 n - a ring of poison resistance (left claw)
 r - a ring of protection from fire (right claw)
 u - a ring of positive energy
 z - an amulet of regeneration
 B - a +4 ring of protection
 D - a ring of willpower
Wands
 b - a wand of flame (23)
 k - a wand of polymorph (9)
 o - a wand of paralysis (10)
 y - a wand of acid (17)
Scrolls
 e - 3 scrolls of immolation
 j - a scroll of vulnerability
 m - a scroll of fear
 q - a scroll of magic mapping
 s - a scroll of noise {unknown}
 t - 2 scrolls of fog {unknown}
 v - 2 scrolls of silence {unknown}
 x - 2 scrolls of teleportation {unknown}
 C - a scroll of blinking
 G - 2 scrolls of amnesia {unknown}
 H - a scroll of enchant armour {unknown}
Potions
 c - a potion of curing
 g - a potion of attraction
 p - a potion of resistance
 E - a potion of might


   Skills:
 + Level 4.6 Fighting
 - Level 2.4 Dodging
 * Level 5.5 Shields
 - Level 14.0 Unarmed Combat
 - Level 4.0 Evocations


You had 10 spell levels left.
You didn't know any spells.
Your spell library contained the following spells:

 Spells                   Type           Power      Damage    Failure   Level
 Beastly Appendage        Tmut           0%         N/A       43%         1
 Wereblood                Tmut           0%         N/A       56%         2
 Spider Form              Tmut/Pois      0%         N/A       80%         3
 Ice Form                 Ice/Tmut       0%         N/A       99%         4
 Hydra Form               Tmut           0%         N/A       100%        5


Dungeon Overview and Level Annotations

Branches:
Dungeon (9/15)             Temple (0/1) D:7             Orc (1/2) D:9
   Lair: D:8-11

Altars:
Dithmenos
Gozag
Okawaru
Qazlal
Ru
Vehumet
Xom
Yredelemnul
The Shining One

Shops:
D:8 [   D:9 [*


Innate Abilities, Weirdness & Mutations

You are too large for most types of armour.
You have claws for hands.
You are frail. (-10% HP)
Your natural rate of healing is unusually fast.
You are covered in fur. (AC +1)
You have tough skin. (AC +1)
You cannot be stealthy.


Message History

An orc knight comes into view.
It is wielding a +0 battleaxe of electrocution.
The orc knight shouts!
You hear a shout! x3
The orc warrior closely misses you.
An orc warrior comes into view. It is wielding a +0 flail.
The orc warrior closely misses you.
An orc wizard comes into view. It is wielding a +0 dagger.
You scratch the orc warrior.
The orc warrior is lightly wounded.
The orc hits you with a +0 club.
The orc knight roars a battlecry!
The orcs go into a battle-frenzy!
You hear a shout! x2
You mangle the orc warrior!!
The orc warrior is almost dead.
The orc warrior hits you from afar with a +0 halberd!
You block the orc's attack. The orc warrior closely misses you.
The orc warrior hits you from afar with a +0 halberd!
You focus your inner power and blind the orc warrior in retribution!
The warg bites you!
* * * LOW HITPOINT WARNING * * *
The orc warrior closely misses you.
The orc priest begins to pray, but is stunned by your conviction!
There is a staircase back to the Dungeon, spattered with blood here.
The orc knight roars a battlecry!
The orcs go into a battle-frenzy!
The warg bites you!
* * * LOW HITPOINT WARNING * * *
The orc warrior barely misses you. The orc barely misses you.
You hear a shout!
You climb upwards.
Welcome back to the Dungeon!
There is a staircase to the Orcish Mines, spattered with blood here.
The orc warrior barely misses you. The warg bites you!
* * * LOW HITPOINT WARNING * * *
Things that are here:
a +0 club; an orc skeleton The orc misses you.
The warg bites you.
* * * LOW HITPOINT WARNING * * *
The warg bites you!
You die...

#####.....#..#. ####
#.#..###...#.. ...##
#....###.#.... ....#
#####..##....###.. ....#
#..>...###...###.. ..<.##
#.....#.##<....... .....#
#................. .....#
##.h.o............. .....##
##.@#o...)[÷........ ......##
##...#...∩)>[..).....
....<..######...##....[......##..
..####.........###..)........##..
### ###.......###............)#.
# ###......##[############## #
##......[[....>..## #
#................##
#...)[.######.....#


You could see a warg and an orc (strong).

Vanquished Creatures
  A deep elf pyromancer (D:8)
  Pikel (D:5)
  2 orc knights (D:9)
  Joseph (D:7)
  Maggie (D:8)
  Psyche (D:9)
  A tengu conjurer (D:8)
  2 trolls (D:9)
  3 yaks (D:8)
  A wyvern (D:8)
  A shadow (D:8)
  Grum (D:8)
  4 wargs (D:9)
  Duvessa (D:6)
  A water moccasin (D:7)
  A black bear (D:6)
  A hornet zombie (D:8)
  8 orc warriors
  2 sky beasts
  3 ogres
  3 wolves (D:8)
  4 centaurs
  A lemure (D:6)
  A phantom (D:5)
  A kobold brigand (D:8)
  2 gnoll sergeants
  2 bullfrogs
  3 wyvern zombies (D:8)
  A water moccasin zombie (D:5)
  Dowan (D:6)
  A killer bee (D:8)
  A water moccasin skeleton (D:6)
  4 wights
  A bullfrog zombie (D:6)
  4 centaur zombies
  2 hounds
  A jelly (D:6)
  6 orc priests
  A gnoll shaman (D:6)
  5 iguanas
  Jessica (D:3)
  A scorpion zombie (D:5)
  10 orc wizards
  3 killer bee zombies
  A hound skeleton (D:4)
  A howler monkey zombie (D:8)
  Robin (D:3)
  22 gnolls
  A howler monkey skeleton (D:6)
  5 adders
  A shadow imp (D:8)
  A white imp (D:5)
  2 ufetubi
  An adder zombie (D:5)
  An adder skeleton (D:4)
  A dart slug (D:2)
  43 orcs
  4 endoplasms
  5 giant cockroaches
  5 hobgoblins
  2 jackals (D:2)
  11 kobolds
  2 quokkas (D:2)
  2 bats (D:3)
  2 frilled lizards
  12 goblins
  A goblin skeleton (D:8)
  A goblin zombie (D:8)
  3 hobgoblin zombies (D:8)
  A kobold zombie (D:8)
  3 orc skeletons (D:8)
  2 orc zombies (D:8)
  A rat (D:3)
235 creatures vanquished.

Vanquished Creatures (others)
  An orc (D:9)
  4 toadstools (D:1)
5 creatures vanquished.

Grand Total: 240 creatures vanquished

Notes
Turn   | Place    | Note
-------+----------+-------------------------------------------
     0 | D:1      | Bapho the Troll Monk began the quest for the Orb.
     0 | D:1      | Reached XP level 1. HP: 22/22 MP: 0/0
   219 | D:1      | Reached XP level 2. HP: 29/29 MP: 1/1
   711 | D:2      | Reached skill level 4 in Unarmed Combat
   797 | D:2      | Reached XP level 3. HP: 36/36 MP: 2/2
  1236 | D:2      | Found a faded altar of an unknown god.
  1569 | D:3      | Noticed Jessica
  1576 | D:3      | Killed Jessica
  1679 | D:3      | Reached XP level 4. HP: 44/44 MP: 3/3
  1689 | D:3      | Reached skill level 5 in Unarmed Combat
  1689 | D:3      | Noticed Robin
  1699 | D:3      | Killed Robin
  2531 | D:4      | Reached XP level 5. HP: 50/50 MP: 4/4
  2665 | D:4      | Identified the +10 mace of the Absolute Madman {speed,
                  | Fragile rF- rCorr Str+8}
  2828 | D:4      | Reached skill level 6 in Unarmed Combat
  2945 | D:5      | Entered Level 5 of the Dungeon
  3032 | D:5      | Found a shimmering altar of Xom.
  3037 | D:4      | Reached XP level 6. HP: 59/59 MP: 5/5
  3078 | D:5      | Reached skill level 7 in Unarmed Combat
  3376 | D:5      | Reached skill level 8 in Unarmed Combat
  3408 | D:5      | Noticed a sky beast
  3417 | D:5      | Killed a sky beast
  3418 | D:5      | Reached XP level 7. HP: 62/66 MP: 6/6
  4029 | D:5      | Reached skill level 9 in Unarmed Combat
  4248 | D:6      | Noticed Pikel
  4301 | D:5      | Killed Pikel
  4302 | D:5      | Reached skill level 10 in Unarmed Combat
  4302 | D:5      | Reached XP level 8. HP: 22/74 MP: 7/7
  4596 | D:6      | Reached skill level 11 in Unarmed Combat
  4680 | D:6      | Noticed Dowan
  4680 | D:6      | Noticed Duvessa
  4694 | D:6      | Killed Duvessa
  4697 | D:6      | Killed Dowan
  4816 | D:6      | Reached XP level 9. HP: 61/80 MP: 8/8
  4953 | D:6      | Reached skill level 12 in Unarmed Combat
  5285 | D:7      | Found a sacrificial altar of Ru.
  5297 | D:7      | Became a worshipper of Ru the Awakened
  5301 | D:7      | Gained mutation: You are frail. (-10% HP) [Ru sacrifice]
  5301 | D:7      | Reached * piety under Ru
  5301 | D:7      | Reached ** piety under Ru
  5478 | D:7      | Noticed Joseph
  5491 | D:7      | Killed Joseph
  5574 | D:7      | Reached skill level 13 in Unarmed Combat
  5650 | D:7      | Found a stormy altar of Qazlal.
  6018 | D:7      | Found an opulent altar of Gozag.
  6058 | D:7      | Found a staircase to the Ecumenical Temple.
  6063 | D:7      | Found an iron altar of Okawaru.
  6097 | D:7      | Found a radiant altar of Vehumet.
  6685 | D:8      | Found a glowing golden altar of the Shining One.
  6828 | D:8      | Found Siecs's Antique Armour Boutique.
  6830 | D:8      | Noticed Maggie
  6842 | D:8      | Killed Maggie
  6877 | D:8      | Reached skill level 14 in Unarmed Combat
  6877 | D:8      | Reached XP level 10. HP: 79/79 MP: 9/9
  6888 | D:8      | Reached skill level 1 in Evocations
  6948 | D:8      | Noticed Grum
  6966 | D:8      | Killed Grum
  6990 | D:8      | Found a shadowy altar of Dithmenos.
  7257 | D:8      | Gained mutation: You cannot be stealthy. [Ru sacrifice]
  7276 | D:8      | Found a basalt altar of Yredelemnul.
  7526 | D:8      | Noticed a deep elf pyromancer
  7560 | D:8      | Reached skill level 1 in Shields
  7565 | D:8      | Killed a deep elf pyromancer
  7897 | D:9      | Found a staircase to the Orcish Mines.
  7898 | D:9      | Found Vouzxism's Armour Boutique.
  8126 | D:9      | Found Cedon's Island Escapes.
  8609 | D:9      | Noticed Psyche
  8616 | D:9      | Killed Psyche
  8964 | Orc:1    | Entered Level 1 of the Orcish Mines
  9249 | Orc:1    | Noticed an orc knight
  9266 | D:9      | Reached XP level 11. HP: 39/90 MP: 10/10
  9431 | Orc:1    | Noticed an orc knight
  9517 | D:9      | Killed an orc knight
  9518 | D:9      | Reached skill level 5 in Shields
  9642 | D:9      | Killed an orc knight
  9666 | Orc:1    | Noticed an orc knight
  9675 | D:9      | HP: 4/90 [warg (6)]
  9678 | D:9      | Slain by a warg

Illustrated notes

Levels and vault maps discovered:
D:1:      ldierk_walled_garden_2, layout_loops_ring
D:2:      layout_loops_ring, shapermc_ecumenical_altar_mp_vishouse,
          minmay_surrounded
D:3:      layout_loops_ring, uniq_jessica, uniq_robin
D:4:      layout_gridville
D:5:      layout_gridville, amcnicky_altar_gilded
D:6:      layout_basic, grunt_ministairs_1, uniq_duvessa, uniq_pikel
D:7:      layout_basic, overflow_temple_1_default, nicolae_gozag_seed_capital,
          lemuel_crystal_altar, hangedman_ru_absence,
          nicolae_qazlal_scattered_showers, minmay_temple_entry_mist,
          grunt_ministairs_1, uniq_joseph
D:8:      minmay_chambers_of_sixes, layout_basic, grunt_dithmenos_smoke,
          nicolae_tso_besieged_by_evil, nicolae_yredelemnul_corpse_copse,
          serial_shops, shop, uniq_maggie, uniq_grum
D:9:      layout_layer_cave, orc_david_3, kennysheep_another_room,
          nicolae_island_escapes, uniq_psyche
Orc:1:    cheibrodos_orc_guarddog, layout_caves, special_room
          [special_room_orc], ebering_ghost_inner_flame, uniq_maurice

Skill      XL: |  1  2  3  4  5  6  7  8  9 10 11 |
---------------+----------------------------------+-----
Unarmed Combat | 4 5 6 8 10 11 14 | 14.0
Evocations     | 4 |  4.0
Stealth        | 0 |  0.0
Shields        | 4 5 |  5.5
Fighting       | 4 |  4.6
Dodging        | |  2.4

Action                   |  1- 3 |  4- 6 |  7- 9 | 10-12 || total
-------------------------+-------+-------+-------+-------++-------
Melee: Unarmed           |    71 |    47 |   204 |   254 ||   576
       Mace              |       |    64 |    71 |       ||   135
       Punch             |       |     3 |    15 |    20 ||    38
Throw: Stone             |    61 |    65 |   115 |    50 ||   291
       Javelin           |       |       |     2 |     1 ||     3
       Throwing net      |       |       |       |     1 ||     1
Invok: Sacrifice Health  |       |       |     1 |       ||     1
       Sacrifice Stealth |       |       |       |     1 ||     1
Evoke: Wand              |       |       |       |     4 ||     4
  Use: Scroll            |     4 |     1 |     3 |     1 ||     9
       Potion            |     2 |       |     3 |     1 ||     6
 Stab: Sleeping          |     1 |       |       |       ||     1
       Invisible         |       |       |     2 |       ||     2
Armor: Robe              |    11 |    12 |    40 |       ||    63
       Steam dragon scal |       |       |       |    71 ||    71
Dodge: Dodged            |    30 |    36 |   124 |   109 ||   299
Block: Other             |     3 |    23 |    53 |    47 ||   126
       Reflection        |     1 |     3 |     1 |     2 ||     7

Table legend: (Time is in decaauts)
 A = Elapsed time spent in this place.
 B = Non-inter-level travel time spent in this place.
 C = Inter-level travel time spent in this place.
 D = Time resting spent in this place.
 E = Time spent auto-exploring this place.
 F = Levels seen in this place.
 G = Mean time per level.
                   A        B        C        D        E       F      G
               +--------+--------+--------+--------+--------+-----+--------+
         Total |   9570 |   9297 |    273 |    939 |   6603 |  10 |  957.0 |
       Dungeon |   9532 |   9259 |    273 |    939 |   6603 |   9 | 1059.1 |
  Orcish Mines |     38 |     38 |      0 |      0 |      0 |   1 |   38.0 |
               +--------+--------+--------+--------+--------+-----+--------+

Top non-repeatable levels by time:
     D:9: 1747 daAuts
     D:8: 1471 daAuts
     D:5: 1391 daAuts
     D:7: 1104 daAuts
     D:4: 932 daAuts
     D:6: 785 daAuts
     D:2: 722 daAuts
     D:3: 692 daAuts
     D:1: 685 daAuts
   Orc:1: 38 daAuts
